 Dungeon Crawl Stone Soup version 0.18-a0-1243-g9e52518 (webtiles) character file.

624 Chiseanne the Skirmisher (level 7, -4/67 HPs)
             Began as a Centaur Air Elementalist on Feb 5, 2016.
             Slain by an ogre
             ... wielding a +0 giant spiked club
              (25 damage)
             ... on level 4 of the Dungeon.
             The game lasted 00:07:35 (3949 turns).

Chiseanne the Skirmisher (Centaur Air Elementalist) Turns: 3949, Time: 00:07:35

Health: -4/67      AC:  4    Str: 10    XL:     7   Next: 22%
Magic:  9/9        EV:  9    Int: 16    God:
Gold:   48         SH:  0    Dex: 10    Spells: 1 memorised, 8 levels left

rFire  . . .     SeeInvis .     s - +2 whip (venom)
rCold  . . .     Gourm    .     q - +0 robe
rNeg   . . .     Faith    .     (no shield)
rPois  .         Spirit   .     (no helmet)
rElec  .         Dismiss  .     (no cloak)
rCorr  +         Reflect  .     (no gloves)
SustAt .         Harm     .     (no barding)
MR     .....                    (no amulet)
Stlth  +.........               (no ring)
                                p - ring of resist corrosion

@: very quick, not resistant to hostile enchantments, very unstealthy
A: hooves 3, deformed body, speed 2, tough skin 3
a: no special abilities


You were on level 4 of the Dungeon.
You were not hungry.

You visited 1 branch of the dungeon, and saw 3 of its levels.

You collected 48 gold pieces.

Inventory:

Hand Weapons
 a - a +0 mace
 s - a +2 whip of venom (weapon)
Missiles
 g - 37 bolts
 h - 2 needles of sleeping
 i - 16 sling bullets of frost
 l - 48 sling bullets
 t - 18 poisoned needles
 v - 17 arrows
Armour
 q - a +0 robe (worn)
 z - a cursed +0 robe
Jewellery
 p - a ring of resist corrosion (left hand)
Scrolls
 j - a scroll of remove curse
 w - a scroll of teleportation
Potions
 d - 2 potions of agility
 e - a potion of curing {unknown}
 f - a potion of magic {unknown}
 m - 2 potions of might {unknown}
 r - a potion of flight {unknown}
 u - a potion of haste {unknown}
 A - 2 potions of berserk rage {unknown}
Books
 b - a book of Air

   Spells                             Type                      Level
   a - Shock                          Conjuration/Air              1
   b - Swiftness                      Charms/Air                   2
   c - Repel Missiles                 Charms/Air                   2
   d - Static Discharge               Conjuration/Air              3
   e - Lightning Bolt                 Conjuration/Air              5
Comestibles
 c - 2 bread rations
 k - a beef jerky
 n - a meat ration
 o - a slice of pizza
 x - 2 chunks of flesh


   Skills:
 + Level 7.8 Fighting
 - Level 1.3 Dodging
 - Level 1.2 Stealth
 - Level 1.5 Spellcasting
 - Level 0.8 Conjurations
 - Level 2.6 Air Magic


You had 8 spell levels left.
You knew the following spells:

 Your Spells              Type           Power        Failure   Level  Hunger
a - Shock                 Conj/Air       #...         12%         1    ##.....


Dungeon Overview and Level Annotations

Branches:
Dungeon (2/15)

Altars:
Ashenzari
Elyvilon
Makhleb
Nemelex Xobeh
Okawaru
Xom

Annotations:
D:1 Terence


Innate Abilities, Weirdness & Mutations

You have hooves in place of feet.
Armour fits poorly on your strangely shaped body.
You cover ground very quickly.
You have extremely tough skin (AC +3).


Message History

You see here a giant club.
You see here a giant club.
x - 2 chunks of flesh You see here a hound skeleton.
You see here a giant club.
There is an open door here.
You close the door.
An ogre opens the door.
It is wielding a giant spiked club.
The ogre shouts!
The ogre misses you.
There is an open door here.
Wield which item (- for none, * to show all)? (? for menu, Esc to quit)
It begins to drip with poison!
s - a +2 whip of venom (weapon)
You see here a giant club.
You hit the ogre but do no damage. You kick the ogre, but do no damage.
The ogre hits you with a giant spiked club!!
You barely miss the ogre.
The ogre hits you with a giant spiked club!!
You die...

#(......#
#..?....#
#[.....)#
##.....##
##...##
#######'####
...........#
........O..#
##
.........@.#
#.
#'########รท#
#. #### .
###..# #.
...# #....#
#. ##.#
##....# #.
.#.## #.....#
##. ....#
#....## ##..
.#..# #....#
###(#...
##..# #..###
##.^##...


You could see an ogre.

Vanquished Creatures
  An ogre (D:4)
  A centaur (D:4)
  A crimson imp (D:4)
  A jelly (D:4)
  A hound (D:4)
  An orc wizard (D:4)
  A giant frog skeleton (D:4)
  2 orc priests (D:4)
  A centaur skeleton (D:4)
  Jessica (D:2)
  3 iguanas (D:4)
  2 worker ants (D:4)
  3 adders (D:4)
  An adder skeleton (D:4)
  A giant gecko (D:4)
  6 orcs (D:4)
  5 bats
  2 giant cockroaches
  4 hobgoblins
  2 jackals (D:1)
  A quokka (D:4)
  A ball python (D:1)
  A ball python skeleton (D:4)
  A giant newt (D:2)
  7 goblins
  A jackal skeleton (D:4)
  5 kobolds (D:1)
  3 rats
60 creatures vanquished.

Notes
Turn   | Place    | Note
--------------------------------------------------------------
     0 | D:1      | Chiseanne the Centaur Air Elementalist began the quest for the Orb.
     0 | D:1      | Reached XP level 1. HP: 14/14 MP: 3/3
   317 | D:1      | Reached skill level 1 in Fighting
   431 | D:1      | Reached XP level 2. HP: 23/23 MP: 0/4
  1497 | D:2      | Noticed Terence
  2027 | D:2      | Reached XP level 3. HP: 30/30 MP: 5/5
  2119 | D:2      | Noticed Jessica
  2124 | D:2      | Killed Jessica
  2124 | D:2      | Reached skill level 3 in Fighting
  2179 | D:2      | Found an iron altar of Okawaru.
  2340 | D:2      | You fall through a shaft for 2 floors!
  2380 | D:4      | Reached XP level 4. HP: 35/40 MP: 6/6
  2404 | D:4      | Reached skill level 4 in Fighting
  2474 | D:4      | Found a sparkling altar of Nemelex Xobeh.
  2496 | D:4      | Reached XP level 5. HP: 24/47 MP: 7/7
  2518 | D:4      | Reached skill level 5 in Fighting
  2798 | D:4      | Found a shattered altar of Ashenzari.
  3127 | D:4      | Noticed a centaur
  3137 | D:4      | Killed a centaur
  3137 | D:4      | Reached skill level 6 in Fighting
  3137 | D:4      | Reached XP level 6. HP: 29/57 MP: 8/8
  3485 | D:4      | Found a shimmering altar of Xom.
  3486 | D:4      | Found a burning altar of Makhleb.
  3535 | D:4      | Found a white marble altar of Elyvilon.
  3542 | D:4      | Reached skill level 7 in Fighting
  3791 | D:4      | Reached XP level 7. HP: 66/66 MP: 4/9
  3949 | D:4      | Slain by an ogre

Vault maps used:
D:1:      minmay_arrival_five_plusses, serial_park_tiny_1
D:2:      okawaru_trees_2, grunt_dithmenos_smoke_and_mirrors,
          grunt_ministairs_14, uniq_natasha, uniq_terence, uniq_sigmund,
          uniq_jessica
D:4:      minmay_opposing_rooms, grunt_temple_overflow_champion_of_chaos,
          kennysheep_mini, elyvilon_altar_1, grunt_decor_resistance,
          hangedman_decor_peaks_small, evilmike_ruin_ashenzari

Action                   |  1- 3 |  4- 6 |  7- 9 || total
-------------------------+-------+-------+-------++-------
Melee: Unarmed           |     8 |       |       ||     8
       Mace              |    42 |    17 |     8 ||    67
       Short sword       |     5 |       |       ||     5
       Whip              |     2 |    75 |    13 ||    90
Throw: Throwing net      |       |     1 |       ||     1
 Cast: Shock             |    57 |     4 |       ||    61
  Use: Scroll            |     4 |     1 |       ||     5
  Eat: Chunk             |     5 |     4 |     1 ||    10
